 Dungeon Sprint DCSS version 0.31-a0-846-gb3bcc0d938 (webtiles) character file.

Game seed: 9489084094244377954

3184 GigaChad the Cleaver (level 10, -10/88 HPs) *EXPLORE*
             Began as a Formicid Fighter on Oct 3, 2023.
             Was an Initiate of Gozag.
             Mangled by a catoblepas (15 damage)
             ... while petrified by a catoblepas
             ... in the Dungeon (Sprint IX: "|||||||||||||||||||||||||||||").
             The game lasted 00:02:48 (944 turns).

GigaChad the Cleaver (Formicid Fighter)              Turns: 944, Time: 00:02:51

Health: -10/88     AC: 10    Str: 28    XL:     10   Next: 16%
Magic:  10/10      EV:  2    Int:  8    God:    Gozag
Gold:   1080       SH:  0    Dex: 16    Spells: 9/9 levels left

rFire   . . .        a - +2 war axe
rCold   . . .        c - +2 buckler
rNeg    + + +        b - +0 scale mail
rPois   ∞            (helmet unavailable)
rElec   .            k - +0 cloak
rCorr   .            (no gloves)
SInv    +            (no boots)
Will    +....        (no amulet)
Stlth   +            l - +3 ring of dexterity
HPRegen 0.34/turn    m - +3 ring of strength
MPRegen 0.12/turn

%: no passive effects
@: petrified, studying Translocations
A: permanent stasis, dig shafts and tunnels, antennae 3, four strong arms
a: Dig, Renounce Religion, Potion Petition, Call Merchant, Bribe Branch


You were in the Dungeon.
You worshipped Gozag.
Gozag was most pleased with you.
You visited 1 branch You collected 1080 gold pieces.

Inventory:

Hand Weapons
 a - a +2 war axe (weapon)
Armour
 b - a +0 scale mail (worn)
 c - a +2 buckler (worn)
 k - a +0 cloak (worn)
Jewellery
 l - a +3 ring of dexterity (left hand)
 m - a +3 ring of strength (right hand)
Wands
 j - a wand of iceblast (10)
Scrolls
 i - 2 scrolls of amnesia
 o - a scroll of summoning
 p - 2 scrolls of fear
Potions
 d - a potion of might
 e - 5 potions of curing
 f - 5 potions of heal wounds
 g - 4 potions of magic
 h - a potion of invisibility
 n - a potion of resistance


   Skills:
 + Level 11.2 Fighting
 + Level 14.2 Axes
 + Level 11.0 Armour
 + Level 4.5 Dodging
 + Level 2.4 Stealth
 + Level 13.2 Shields


You had 9 spell levels left.
You didn't know any spells.
Your spell library was empty.

Dungeon Overview and Level Annotations

Branches:
Dungeon (1/1)

Altars:
Cheibriados
Dithmenos
Elyvilon
Fedhas
Gozag
Hepliaklqana
Kikubaaqudgha
Makhleb
Nemelex Xobeh
Okawaru
Qazlal
Ru
Sif Muna
Trog
Uskayaw
Vehumet
Wu Jian
Xom
Yredelemnul
Zin
The Shining One
Jiyva
Lugonu


Innate Abilities, Weirdness & Mutations

You cannot be hasted, slowed, berserked, paralysed or teleported.
You can dig through walls and to a lower floor.
You have a pair of large antennae on your head. (SInv)
Your four strong arms can wield two-handed weapons with a shield.


Message History

The water moccasin is no longer petrified.
The blink frog blinks!
The cane toad stings you but does no damage.
You hit the cane toad but do no damage.
The cane toad is almost dead.
You are engulfed in calcifying dust.
The cane toad closely misses you.
The blink frog blinks!
Unknown command.
You barely miss the cane toad.
The cane toad is almost dead.
You are engulfed in calcifying dust.
You are slowing down.
The cane toad stings you!!
The catoblepas breathes a plume of calcifying dust at you.
The blast of calcifying dust hits the cane toad.
The cane toad dies!
The blast of calcifying dust hits you.
Your Armour skill increases to level 11!
Your Stealth skill increases to level 2!
You are engulfed in calcifying dust.
Your limbs have turned to stone.
You block the catoblepas's attack.
You have turned to stone.
You are engulfed in calcifying dust.
The catoblepas gores you!
You are engulfed in calcifying dust.
The catoblepas gores you!
The elephant is distracted by your dazzling golden aura.
The blink frog blinks!
You are engulfed in calcifying dust.
The catoblepas gores you but does no damage.
The catoblepas gores you!
* * * LOW HITPOINT WARNING * * *
The catoblepas breathes a plume of calcifying dust at you.
The blast of calcifying dust hits you.
* * * LOW HITPOINT WARNING * * *
You are engulfed in calcifying dust.
The catoblepas gores you!!
* * * LOW HITPOINT WARNING * * *
The blink frog blinks!
You are engulfed in calcifying dust.
The elephant is no longer distracted by gold.
The catoblepas gores you!!
You die...
Your body crumbles into a pile of gold.

▓_▓.▓ {
▓_▓.▓.▓
{
▓_▓.▓F▓{
{
▓_▓.▓Y▓
{
▓_▓.▓F▓
▓_▓.▓S▓
{
▓_▓.▓l▓
{
▓_▓.▓Y▓
{
▓_▓.▓@▓
{
▓_▓.▓§▓
{
▓_▓.▓§▓
{
▓_▓.▓.▓
{
▓_▓.▓?▓
{
▓_▓.▓.▓
{
▓_▓.▓.▓
{
▓'▓.▓.▓
{
▓.▓.▓[▓
{


You could see a catoblepas, a skyshark, an elephant (unaware), a cane toad, a
blink frog and a water moccasin.

Vanquished Creatures
  A centaur warrior (D)
  An ugly thing (D)
  A deep elf pyromancer (D)
  A manticore (D)
  2 kobold demonologists (D)
  2 komodo dragons (D)
  An efreet (D)
  A slime creature (D)
  2 wraiths (D)
  2 phantoms (D)
  A kobold brigand (D)
  A hell rat (D)
  An adder (D)
  2 orcs (D)
  An endoplasm (D)
  A quokka (D)
  A frilled lizard (D)
  2 rats (D)
24 creatures vanquished.

Vanquished Creatures (others)
  A cane toad (D)
1 creature vanquished.

Grand Total: 25 creatures vanquished

Notes
Turn   | Place    | Note
-------+----------+-------------------------------------------
     0 | D        | GigaChad the Formicid Fighter began the quest for the Orb.
     0 | D        | Reached XP level 1. HP: 18/18 MP: 1/1
     0 | D        | Entered explore mode.
    19 | D        | Noticed a phantom
    19 | D        | Noticed a phantom
    23 | D        | Reached skill level 5 in Shields
    23 | D        | Reached XP level 2. HP: 21/25 MP: 2/2
    30 | D        | Killed a phantom
    31 | D        | Reached skill level 5 in Fighting
    31 | D        | Reached skill level 4 in Axes
    31 | D        | Reached skill level 5 in Armour
    31 | D        | Reached XP level 3. HP: 23/34 MP: 3/3
    31 | D        | Reached XP level 4. HP: 27/40 MP: 4/4
    39 | D        | Killed a phantom
    40 | D        | Reached XP level 5. HP: 27/47 MP: 5/5
    44 | D        | Reached skill level 5 in Axes
    50 | D        | Found a snail-covered altar of Cheibriados.
    50 | D        | Found a shadowy altar of Dithmenos.
    50 | D        | Found a white marble altar of Elyvilon.
    50 | D        | Found a blossoming altar of Fedhas.
    50 | D        | Found an opulent altar of Gozag.
    51 | D        | Found a hazy altar of Hepliaklqana.
    52 | D        | Found a viscous altar of Jiyva.
    53 | D        | Found an ancient bone altar of Kikubaaqudgha.
    54 | D        | Found a corrupted altar of Lugonu.
    55 | D        | Found a burning altar of Makhleb.
    56 | D        | Found a sparkling altar of Nemelex Xobeh.
    57 | D        | Found an iron altar of Okawaru.
    58 | D        | Found a stormy altar of Qazlal.
    59 | D        | Found a sacrificial altar of Ru.
    60 | D        | Found a shimmering blue altar of Sif Muna.
    61 | D        | Found a bloodstained altar of Trog.
    62 | D        | Found a hide-covered altar of Uskayaw.
    63 | D        | Found a radiant altar of Vehumet.
    64 | D        | Found an ornate altar of the Wu Jian Council.
    65 | D        | Found a shimmering altar of Xom.
    66 | D        | Found a basalt altar of Yredelemnul.
    76 | D        | Became a worshipper of Gozag Ym Sagoz the Greedy
    86 | D        | Found a glowing silver altar of Zin.
    87 | D        | Found a glowing golden altar of the Shining One.
   119 | D        | Noticed a wraith
   119 | D        | Noticed a komodo dragon
   119 | D        | Noticed a kobold demonologist
   119 | D        | Noticed a wraith
   119 | D        | Noticed a kobold demonologist
   119 | D        | Noticed a kobold brigand
   138 | D        | Killed a kobold demonologist
   139 | D        | Reached skill level 7 in Axes
   139 | D        | Reached skill level 1 in Dodging
   139 | D        | Reached skill level 10 in Shields
   139 | D        | Reached XP level 6. HP: 56/56 MP: 6/6
   139 | D        | Reached XP level 7. HP: 62/62 MP: 7/7
   141 | D        | Reached skill level 8 in Axes
   149 | D        | Noticed a ynoxinul
   154 | D        | Killed a wraith
   155 | D        | Reached skill level 9 in Axes
   160 | D        | Killed a komodo dragon
   161 | D        | Reached skill level 10 in Axes
   161 | D        | Reached XP level 8. HP: 13/71 MP: 8/8
   175 | D        | Noticed a sixfirhy
   175 | D        | Killed a kobold demonologist
   181 | D        | Killed a wraith
   182 | D        | Reached skill level 11 in Axes
   377 | D        | Noticed a cyan ugly thing
   377 | D        | Noticed a centaur warrior
   377 | D        | Noticed an efreet
   377 | D        | Noticed a slime creature
   377 | D        | Noticed a deep elf pyromancer
   377 | D        | Noticed a manticore
   384 | D        | Slain by a manticore (11 damage)
   392 | D        | Killed a manticore
   393 | D        | Reached skill level 12 in Axes
   393 | D        | Reached XP level 9. HP: 35/78 MP: 9/9
   396 | D        | Slain by a fire elemental (11 damage)
                  | ... summoned by a deep elf pyromancer
   405 | D        | Reached skill level 10 in Fighting
   406 | D        | HP: 2/78 [cyan ugly thing (8)]
   406 | D        | Mangled by a cyan ugly thing (15 damage)
   410 | D        | Killed a deep elf pyromancer
   411 | D        | Reached skill level 10 in Armour
   413 | D        | HP: 2/79 [cyan ugly thing (14)]
   417 | D        | Slain by a cyan ugly thing (5 damage)
   421 | D        | Killed a cyan ugly thing
   422 | D        | Reached skill level 13 in Axes
   424 | D        | Killed a centaur warrior
   430 | D        | Killed an efreet
   431 | D        | Reached XP level 10. HP: 9/87 MP: 10/10
   885 | D        | Noticed a catoblepas
   885 | D        | Noticed a cane toad
   885 | D        | Noticed a cane toad
   885 | D        | Noticed a komodo dragon
   902 | D        | Killed a komodo dragon
   903 | D        | Reached skill level 14 in Axes
   903 | D        | Reached skill level 1 in Stealth
   908 | D        | Noticed a skyshark
   918 | D        | Noticed an elephant
   936 | D        | Killed a cane toad
   944 | D        | Mangled by a catoblepas

Illustrated notes

Levels and vault maps discovered:
D:        linesprint [early_d, line_temple, items_1, d_10, items_2, lair_1,
          lair_end, items_3, orc_1, orc_end, items_4, d_15, swamp_1, shoals_1,
          snake_1, spider_1, d_20, vaults_1, items_5, swamp_end, shoals_end,
          snake_end, spider_end, vaults_end, d_27, items_6, zot_1, zot_end,
          crypt_end, forest_end, elf_end, slime_end, tomb_end, abyss_end,
          pan_hell_end]

Skill      XL: |  1  2  3  4  5  6  7  8  9 10 |
---------------+-------------------------------+-----
Fighting       | 4 5 6 8 9 11 | 11.2
Armour         | 4 5 6 8 9 10 11 | 11.0
Shields        | 5 7 8 10 11 12 13 | 13.2
Axes           | 4 7 10 12 13 14 | 14.2
Dodging        | 1 2 3 4 |  4.5
Stealth        | 2 |  2.4

Action                     |  1- 3 |  4- 6 |  7- 9 | 10-12 || total
---------------------------+-------+-------+-------+-------++-------
  Melee: War axe           |    20 |    32 |    84 |    18 ||   154
    Use: Scroll            |       |       |       |     4 ||     4
   Stab: Petrified         |       |       |       |     7 ||     7
         Petrifying        |       |       |       |     1 ||     1
 Armour: Scale mail        |    10 |    13 |    63 |    22 ||   108
  Dodge: Dodged            |     9 |    11 |    33 |     3 ||    56
  Block: Buckler           |     5 |    12 |    21 |     2 ||    40

Table legend: (Time is in decaauts)
 A = Elapsed time spent in this place.
 B = Non-inter-level travel time spent in this place.
 C = Inter-level travel time spent in this place.
 D = Time resting spent in this place.
 E = Time spent auto-exploring this place.
 F = Levels seen in this place.
 G = Mean time per level.
                   A        B        C        D        E       F      G
               +--------+--------+--------+--------+--------+-----+--------+
         Total |    957 |    957 |      0 |    509 |      0 |   1 |  957.0 |
       Dungeon |    957 |    957 |      0 |    509 |      0 |   1 |  957.0 |
               +--------+--------+--------+--------+--------+-----+--------+

Top non-repeatable levels by time:
       D: 957 daAuts
